 Dungeon Crawl Stone Soup version 0.17-a0-1713-gdf939a4 (console) character file.

1384 Monkaria the Unseen (level 8, -3/34 HPs)
             Began as a Felid Berserker on Aug 23, 2015.
             Was an Elder of Trog.
             Killed from afar by Grum (8 damage)
             ... with a wand of frost
             ... on level 8 of the Dungeon.
             The game lasted 00:08:49 (8598 turns).

Monkaria the Unseen (Felid Berserker)               Turns: 8598, Time: 00:08:49

Health: -3/34      AC:  2    Str: 16    XL:     8   Next: 40%
Magic:  8/8        EV: 23    Int:  8    God:    Trog [****..]
Gold:   462        SH:  0    Dex: 19    Spells: 0 memorised, 7 levels left
                                        Lives:  0   Deaths: 2

rFire  . . .     SeeInvis +       - Unarmed
rCold  . . .     Rnd*Rage +     (armour unavailable)
rNeg   . . .     SustAt   .     (shield unavailable)
rPois  .         Gourm    .     (helmet unavailable)
rElec  .         Spirit   .     (cloak unavailable)
rCorr  +         Warding  .     (gloves unavailable)
rMut   .         Stasis   .     (boots unavailable)
MR     +++..                    k - amulet of resist corrosion
Stlth  ++++++++..               N - ring of flight
                                r - +3 ring of dexterity

@: exhausted, regenerating, slowed, slow, extremely resistant to hostile
enchantments, extraordinarily stealthy
A: no armour, no weapons or thrown items, claws 1, fangs 3, see invisible,
berserk 1, carnivore 3, speed 1, low mp 1, shaggy fur 2, slow metabolism 1,
subdued magic 1, sharp paws
a: Burn Spellbooks, Berserk, Trog's Hand, Brothers in Arms, Renounce Religion,
Evoke Flight


You were on level 8 of the Dungeon.
You worshipped Trog.
Trog was greatly pleased with you.
You were not hungry.

You visited 2 branches of the dungeon, and saw 9 of its levels.

You collected 462 gold pieces.

Inventory:

Armour
 A - the cursed +1 robe of the Lost Path {MR+ Dex+4, unknown}
   (You found it on level 4 of the Dungeon)

   It affects your dexterity (+4).
   It affects your resistance to hostile enchantments.
   It has a curse placed upon it.
Jewellery
 k - an amulet of resist corrosion (around neck)
 r - a +3 ring of dexterity (left paw)
 N - a ring of flight (right paw)
Magical devices
 l - a wand of polymorph (7)
 x - a wand of draining (9)
 D - a wand of cold (6)
 M - a wand of frost (15)
Scrolls
 d - 9 scrolls of identify {unknown}
 e - 5 scrolls of remove curse {unknown}
 f - 2 scrolls of noise {unknown}
 i - 3 scrolls of amnesia {unknown}
 m - a scroll of immolation {unknown}
 s - 3 scrolls of magic mapping {unknown}
 t - 2 scrolls of recharging {unknown}
 y - 2 scrolls of enchant weapon {unknown}
 z - a scroll of blinking {unknown}
 G - 3 scrolls of teleportation {unknown}
Potions
 b - a potion of cancellation {unknown}
 c - 2 potions of resistance {unknown}
 g - a potion of degeneration {unknown}
 j - 2 potions of invisibility {unknown}
 o - 3 potions of haste {unknown}
 p - 2 potions of heal wounds {unknown}
 q - 4 potions of lignification {unknown}
 u - a potion of berserk rage {unknown}
 v - 2 potions of brilliance {unknown}
 w - a potion of ambrosia {unknown}
 B - 2 potions of curing {unknown}
 C - a potion of flight {unknown}
 E - a potion of cure mutation {unknown}
 F - a potion of might {unknown}
 H - a potion of mutation {unknown}
 I - a potion of poison {unknown}
 J - a potion of agility {unknown}
 L - a potion of magic {unknown}
Comestibles
 a - 5 meat rations
 h - 2 slices of pizza
 n - 3 beef jerkies
 K - a royal jelly


   Skills:
 - Level 3.0 Fighting
 + Level 6.9 Dodging
 - Level 16.1 Stealth
 - Level 7.1 Unarmed Combat


You had 7 spell levels left.
You didn't know any spells.

Dungeon Overview and Level Annotations

Branches:
Dungeon (8/15)             Temple (1/1) D:6
   Lair: D:8-11

Altars:
Ashenzari
Cheibriados
Dithmenos
Elyvilon
Fedhas
Gozag
Kikubaaqudgha
Makhleb
Nemelex Xobeh
Qazlal
Ru
Sif Muna
Trog
Vehumet
Xom
Yredelemnul
Zin
The Shining One

Shops:
D:8 }

Annotations:
D:8 Grum


Innate Abilities, Weirdness & Mutations

You cannot wear armour.
You are incapable of wielding weapons or throwing items.
You have sharp claws.
You have razor-sharp teeth.
You have supernaturally acute eyesight.
You are carnivorous and can eat meat at any time.
You cover ground quickly.
You are covered in thick fur (AC +2).
You have a slow metabolism.
Your sharp claws are effective at attacking unaware monsters.
You tend to lose your temper in combat.
Your magical capacity is low (-10% MP).
Your spells are a little easier to cast, but a little less powerful.


Message History

You close the door.
You start resting.
Grum the Hunter opens the door.
He is wielding a spear.
There are monsters nearby!
Use which ability? (? or * to list) You're too exhausted to go berserk.
Grum zaps a wand.
The puff of frost hits you!
There is an open door, spattered with blood here.
You scratch Grum.
Grum is lightly wounded.
You feel the effects of Trog's Hand fading.
Grum zaps a wand.
The puff of frost hits you! Grum barely misses you.
You scratch Grum but do no damage.
Grum is lightly wounded.
Grum hits you with a spear!
* * * LOW HITPOINT WARNING * * *
You scratch Grum. You claw Grum! You bite Grum.
Grum is heavily wounded.
Grum zaps a wand.
The puff of frost hits you!
You die...

###.....z######
###'###.†...##.
#............##.
#............##.
#########+###............###
#..........##............#..
#..........##............#..
#..........##............#..
#∩.........@gh...........#..
#..........##)....#..#####..
#..........##.....##g# #..
#..........##.....# #..
#..........##.....# #..
#..........##.....# #..
#####..........##.....# #..
#..........######.....#
#)########.# #.....#


You could see Grum and a wolf.

Vanquished Creatures
  Pikel (D:4)
  Prince Ribbit (D:7)
  Sigmund (D:3)
  3 wolves (D:8)
  A hungry ghost (D:6)
  2 orc warriors
  A sky beast (D:6)
  4 ice beasts
  A black bear (D:6)
  A phantom (D:7)
  2 centaurs
  An ogre (D:5)
  A big kobold (D:8)
  2 scorpions
  5 killer bees (D:7)
  4 wights (D:8)
  5 crimson imps
  A jelly (D:6)
  3 iguanas
  2 giant frog zombies
  6 hounds
  A giant frog skeleton (D:4)
  4 orc priests
  6 orc wizards
  3 worker ants
  Robin (D:2)
  6 adders
  7 gnolls
  A shadow imp (D:5)
  3 oozes
  7 worms
  3 giant geckos
  18 orcs
  4 ball pythons
  6 giant cockroaches
  12 goblins
  8 hobgoblins
  6 jackals
  7 kobolds
  5 quokkas
  5 bats
  6 giant newts
  A quokka skeleton (D:5)
  8 rats
176 creatures vanquished.

Vanquished Creatures (others)
  An adder (D:4)
1 creature vanquished.

Grand Total: 177 creatures vanquished

Notes
Turn   | Place    | Note
--------------------------------------------------------------
     0 | D:1      | Monkaria the Felid Berserker began the quest for the Orb.
     0 | D:1      | Reached XP level 1. HP: 10/10 MP: 2/2
   416 | D:1      | Reached XP level 2. HP: 4/14 MP: 3/3
  1110 | D:2      | Noticed Robin
  1111 | D:2      | Reached XP level 3. HP: 12/17 MP: 4/4
  1114 | D:2      | Acquired Trog's second power
  1121 | D:2      | Killed Robin
  1339 | D:2      | Reached XP level 4. HP: 7/21 MP: 5/5
  1581 | D:2      | Reached skill level 5 in Unarmed Combat
  1745 | D:2      | Noticed an air elemental
  1747 | D:2      | Found a stormy altar of Qazlal.
  1749 | D:2      | Noticed a water elemental
  1749 | D:2      | Noticed an earth elemental
  1749 | D:2      | Noticed a fire elemental
  1816 | D:2      | Found a shadowy altar of Dithmenos.
  2682 | D:3      | Noticed Sigmund
  2692 | D:3      | Killed Sigmund
  2692 | D:3      | Reached skill level 6 in Unarmed Combat
  2692 | D:3      | Reached XP level 5. HP: 24/24 MP: 6/6
  2692 | D:3      | Gained mutation: You are covered in thick fur (AC +2). [Felid growth]
  2692 | D:3      | Reached XP level 6. HP: 28/28 MP: 7/7
  3015 | D:3      | Reached skill level 7 in Unarmed Combat
  3390 | D:3      | Reached skill level 1 in Stealth
  4032 | D:4      | Noticed Pikel
  4057 | D:4      | Killed Pikel
  4057 | D:4      | Reached skill level 9 in Stealth
  4057 | D:4      | Reached XP level 7. HP: 31/31 MP: 8/8
  4182 | D:4      | Found a burning altar of Makhleb.
  4365 | D:4      | Reached XP level 8. HP: 34/34 MP: 9/9
  4462 | D:4      | Got a wizard robe
  4678 | D:5      | Entered Level 5 of the Dungeon
  4814 | D:5      | Reached skill level 10 in Stealth
  4897 | D:5      | Acquired Trog's third power
  4932 | D:5      | Reached skill level 11 in Stealth
  5485 | D:5      | Reached skill level 12 in Stealth
  5762 | D:6      | Found a staircase to the Ecumenical Temple.
  5775 | Temple   | Entered the Ecumenical Temple
  5974 | D:6      | Reached skill level 13 in Stealth
  6207 | D:6      | Reached XP level 9. HP: 26/37 MP: 10/10
  6211 | D:6      | Gained mutation: You tend to lose your temper in combat. [mutagenic meat]
  6212 | D:6      | Gained mutation: Your magical capacity is low (-10% MP). [mutagenic meat]
  6213 | D:6      | Gained mutation: Your spells are a little easier to cast, but a little less powerful. [mutagenic meat]
  6614 | D:6      | Reached skill level 14 in Stealth
  7318 | D:7      | Noticed Prince Ribbit
  7331 | D:7      | Killed Prince Ribbit
  7331 | D:7      | Reached skill level 15 in Stealth
  8000 | D:7      | Found a glowing golden altar of the Shining One.
  8005 | D:7      | Slain by an ice beast
  8006 | D:7      | Reached XP level 8. HP: 0/34 MP: 8/8
  8059 | D:7      | Reached skill level 16 in Stealth
  8291 | D:8      | Reached skill level 5 in Dodging
  8391 | D:8      | Noticed Grum
  8402 | D:8      | Reached XP level 9. HP: 37/37 MP: 9/9
  8417 | D:8      | Slain by a wolf
  8418 | D:8      | Reached XP level 8. HP: 0/34 MP: 8/8
  8545 | D:8      | Found Tiwk's Gadget Emporium.
  8598 | D:8      | Killed from afar by Grum

Vault maps used:
D:1:      minmay_arrival_nine_rooms, st_stairs_2, supply_closet_lemuel,
          solitary_fountain
D:2:      nicolae_qazlal_style_of_elements, grunt_dithmenos_smoke, uniq_robin
D:3:      minmay_door_path, first_bread, uniq_sigmund
D:4:      bloody_makhleb, uniq_pikel
D:5:      st_stairs_7
D:6:      minmay_temple_entry_hall, serial_corexii_hall, corexii_hall_statues_t,
          corexii_hall_statues_x
D:7:      nicolae_tso_carved_into_rock, uniq_prince_ribbit1
D:8:      serial_shops, shop, uniq_grum, uniq_erica
Temple:   nicolae_temple_no_exploring_needed

Action                   |  1- 3 |  4- 6 |  7- 9 || total
-------------------------+-------+-------+-------++-------
Melee: Unarmed           |    85 |   147 |   284 ||   516
Invok: Berserk           |     2 |     6 |    13 ||    21
       Trog's Hand       |       |     2 |     9 ||    11
 Stab: Sleeping          |     1 |     7 |    21 ||    29
       Distracted        |       |       |     3 ||     3
  Eat: Chunk             |     9 |    11 |    19 ||    39
